[Event "42nd Olympiad Baku 2016 Open"]
[Site "Baku"]
[Date "2016.09.08"]
[Round "6.5"]
[White "Minero Pineda, Sergio"]
[Black "Al Ghamdi, Ahmed M"]
[Result "1-0"]
[ECO "D45"]
[WhiteElo "2391"]
[BlackElo "2192"]
[Annotator ""]
[PlyCount "43"]
[EventDate "2016.??.??"]
[EventCountry "AZE"]
[SourceTitle "playchess.com"]
[Source "ChessBase"]
[WhiteTeam "Costa Rica"]
[BlackTeam "KSA"]
[WhiteTeamCountry "CRI"]
[TimeControl "40/5400+30:1800+30"]

1. d4 {(00:00} d5 {(00:00} 2. c4 {(00:00} c6 {(
00:00} 3. Nf3 {(00:03} Nf6 {(00:00} 4. Nc3 {(00:17} e6
{(00:02} 5. e3 {(00:28} Nbd7 {(00:10} 6. Qc2 {(
00:08} Bd6 {(00:46} 7. Bd3 {(00:26} dxc4 {(02:41} 8.
Bxc4 {(01:03} O-O {(00:11} 9. O-O {(00:18} e5 {(
01:24} 10. h3 {(01:35} Qe7 {(02:43} 11. Bb3 {(02:10}
h6 {(03:04} 12. Nh4 {(06:08} Qd8 {(00:09} 13. Rd1 {
(22:20} exd4 {(09:02} 14. exd4 {(00:21} Kh8 {(
12:37} 15. Nf5 {(08:35} Bc7 {(00:56} 16. d5 {(06:24}
Nxd5 {(05:26} 17. Nxd5 {(00:59} cxd5 {(00:09} 18. Rxd5
{(01:54} Re8 {(05:34} 19. Be3 {(12:43} Bb6 {(06:
44} 20. Nd6 {(03:39} Re7 {(02:50} 21. Bxb6 {(09:53}
axb6 {(19:19} 22. Rc1 {(00:07} 1-0

[Event "42nd Olympiad Baku 2016 Open"]
[Site "Baku"]
[Date "2016.09.08"]
[Round "6.3"]
[White "Mlawa, Hemed"]
[Black "Koster, Jeroen Louis"]
[Result "1/2-1/2"]
[ECO "A05"]
[WhiteElo "1782"]
[BlackElo "1879"]
[Annotator ""]
[PlyCount "88"]
[EventDate "2016.??.??"]
[EventCountry "AZE"]
[SourceTitle "playchess.com"]
[Source "ChessBase"]
[WhiteTeam "Tanzania"]
[BlackTeam "Mauritius"]
[WhiteTeamCountry "TAN"]
[BlackTeamCountry "MRI"]
[TimeControl "40/5400+30:1800+30"]

1. Nf3 {(00:00} Nf6 {(00:00} 2. c4 {(00:00} e6 {
(00:57} 3. g3 {(00:00} b6 {(00:15} 4. Bg2 {(00:
09} Bb7 {(00:15} 5. O-O {(00:07} c5 {(08:12} 6. Qc2 {
(05:49} Nc6 {(03:22} 7. e3 {(03:07} Rc8 {(14:11]
} 8. Nc3 {(02:42} Nb4 {(09:44} 9. Qb1 {(00:17} d5 {
(00:30} 10. a3 {(01:30} Nc6 {(08:28} 11. cxd5 {(
02:19} Nxd5 {(00:42} 12. Nxd5 {(09:49} Qxd5 {(02:01}
13. d4 {(01:47} Qh5 {(03:30} 14. dxc5 {(04:39} bxc5 {
(04:56} 15. Bd2 {(00:19} Be7 {(05:42} 16. Bc3 {(
00:24} O-O {(00:02} 17. Rd1 {(02:43} Rfd8 {(03:10} 18.
Qc2 {(02:57} Nd4 {(04:35} 19. exd4 {(05:12} Bxf3 {
(01:07} 20. Bxf3 {(00:04} Qxf3 {(00:05} 21. dxc5 {
(03:35} Bxc5 {(02:30} 22. Rxd8+ {(15:51} Rxd8 {(
00:05} 23. Rf1 {(00:18} Rd5 {(08:19} 24. Bd4 {(03:31}
Qf5 {(08:31} 25. Qxf5 {(00:39} exf5 {(00:38} 26. Rc1 {
(02:02} Rxd4 {(00:06} 27. Rxc5 {(00:04} Kf8 {(
00:11} 28. Rxf5 {(02:05} Ke7 {(00:09} 29. Ra5 {(00:09}
Rd7 {(00:49} 30. Ra6 {(00:23} Kd8 {(00:46} 31. b4 {
(00:09} Kc8 {(00:25} 32. Kg2 {(02:53} Kb7 {(00:
04} 33. Ra5 {(00:10} Rd6 {(07:43} 34. Re5 {(00:23} Kc6
{(01:10} 35. Re7 {(01:16} Rd7 {(00:08} 36. Rxd7 {
(00:13} Kxd7 {(00:03} 37. Kf3 {(00:04} Kc6 {(01:
43} 38. Ke4 {(02:50} Kb5 {(00:13} 39. Kd4 {(00:09} Ka4
{(00:36} 40. h4 {(00:00} Kxa3 {(00:00} 41. Kc4 {
(00:28} h5 {(06:07} 42. b5 {(02:14} Ka4 {(02:51]
} 43. f3 {(00:25} f5 {(04:57} 44. f4 {(00:58} Ka5 {
(02:59} 1/2-1/2

[Event "42nd Olympiad Baku 2016 Open"]
[Site "Baku"]
[Date "2016.09.08"]
[Round "6.9"]
[White "Mohamed Hassan"]
[Black "Fancy, Stuart"]
[Result "1-0"]
[ECO "B40"]
[WhiteElo "1855"]
[BlackElo "1995"]
[Annotator ""]
[PlyCount "67"]
[EventDate "2016.??.??"]
[EventCountry "AZE"]
[SourceTitle "playchess.com"]
[Source "ChessBase"]
[WhiteTeam "Maldives"]
[BlackTeam "Papua New Guinea"]
[WhiteTeamCountry "MDV"]
[BlackTeamCountry "PNG"]
[TimeControl "40/5400+30:1800+30"]

1. e4 {(00:00} c5 {(00:00} 2. Nf3 {(00:00} e6 {(
00:00} 3. Nc3 {(00:24} Nc6 {(00:00} 4. a3 {(00:24} Nf6
{(01:27} 5. g3 {(05:06} d5 {(00:43} 6. exd5 {(
00:22} exd5 {(00:12} 7. Qe2+ {(00:36} Be7 {(00:20} 8.
Bg2 {(00:27} Bg4 {(02:52} 9. Qb5 {(01:23} Qd7 {(
03:56} 10. O-O {(00:36} O-O {(00:49} 11. d3 {(03:07}
a6 {(01:41} 12. Qb6 {(00:32} Rfc8 {(02:48} 13. Ne2 {
(06:31} d4 {(24:09} 14. Nf4 {(05:53} Bd6 {(04:
54} 15. Bd2 {(12:00} Ne7 {(08:37} 16. Qb3 {(13:35} b5
{(05:05} 17. Qa2 {(04:01} Rab8 {(03:22} 18. Rfe1 {
(00:24} Nc6 {(01:09} 19. Ng5 {(03:55} Ne5 {(01:
44} 20. h3 {(07:11} Bf5 {(03:06} 21. Nd5 {(02:57} Nxd5
{(04:14} 22. Qxd5 {(01:02} h6 {(00:31} 23. Ne4 {
(02:04} Bxe4 {(02:42} 24. Rxe4 {(02:50} Ng6 {(
01:42} 25. Rae1 {(00:49} Qc7 {(00:20} 26. Rg4 {(01:21}
Ne5 {(01:45} 27. Rge4 {(01:22} Nd7 {(00:25} 28. Re7 {
(01:07} Rf8 {(01:14} 29. Bf4 {(00:33} Rb6 {(02:
15} 30. Rxf7 {(04:51} Rxf7 {(00:23} 31. Re7 {(00:06}
Bxe7 {(01:27} 32. Bxc7 {(00:15} Rbf6 {(06:17} 33. Qxd7
{(02:09} Rxf2 {(00:04} 34. Bf4 {(01:21} 1-0

[Event "42nd Olympiad Baku 2016 Open"]
[Site "Baku"]
[Date "2016.09.08"]
[Round "6.13"]
[White "Mohammed, Zozek Salah Mohamme"]
[Black "Cu Hor, Winston Darwin"]
[Result "1/2-1/2"]
[ECO "E46"]
[WhiteElo "2251"]
[BlackElo "2318"]
[Annotator ""]
[PlyCount "212"]
[EventDate "2016.??.??"]
[EventCountry "AZE"]
[SourceTitle "playchess.com"]
[Source "ChessBase"]
[WhiteTeam "Iraq"]
[BlackTeam "Guatemala"]
[WhiteTeamCountry "IRQ"]
[BlackTeamCountry "GUA"]
[TimeControl "40/5400+30:1800+30"]

1. d4 {(00:00} Nf6 {(00:30} 2. c4 {(00:00} e6 {(
00:05} 3. Nc3 {(00:00} Bb4 {(00:06} 4. e3 {(00:00} O-O
{(00:06} 5. Nge2 {(00:25} d5 {(03:31} 6. a3 {(
00:27} Be7 {(00:06} 7. cxd5 {(00:43} exd5 {(00:05} 8.
Nf4 {(00:30} Re8 {(02:25} 9. Bd3 {(01:28} c5 {(
01:37} 10. O-O {(07:39} cxd4 {(12:41} 11. exd4 {(00:05]
} Nc6 {(00:17} 12. Bc2 {(02:56} Bd6 {(09:05} 13. Qd3 {
(06:12} g6 {(03:17} 14. Bb3 {(06:29} Bf5 {(08:
39} 15. Qd1 {(02:20} Ne7 {(14:02} 16. h3 {(05:18} Be6
{(12:47} 17. Nxe6 {(06:45} fxe6 {(00:03} 18. Bg5 {
(02:19} Kg7 {(00:57} 19. Re1 {(02:05} Neg8 {(01:
41} 20. Qd3 {(08:55} Rc8 {(01:38} 21. Re2 {(01:30} a6
{(02:29} 22. Rae1 {(03:08} Qb6 {(00:22} 23. Na4 {
(10:07} Qc6 {(00:56} 24. Rc2 {(11:30} Qb5 {(01:
54} 25. Qxb5 {(00:37} axb5 {(00:11} 26. Nc3 {(01:23}
b4 {(03:10} 27. Nb5 {(00:39} Rxc2 {(01:03} 28. Bxc2 {
(00:51} Bb8 {(02:55} 29. axb4 {(01:18} Kf7 {(01:
39} 30. Nc3 {(04:06} Bd6 {(00:38} 31. Ra1 {(04:27}
Bxb4 {(01:50} 32. Ra7 {(00:11} Re7 {(01:32} 33. Nb5 {
(01:41} Rd7 {(03:11} 34. Bf4 {(01:57} Ne7 {(02:
46} 35. Ba4 {(01:56} Nc6 {(01:05} 36. Ra8 {(00:04} Rd8
{(03:27} 37. Rxd8 {(00:09} Nxd8 {(00:01} 38. Kf1 {
(01:01} Nc6 {(01:43} 39. Ke2 {(01:05} Nd7 {(01:
17} 40. g4 {(00:00} Be7 {(00:00} 41. Bc2 {(09:16} Bf6
{(05:56} 42. Be3 {(00:17} e5 {(03:31} 43. Bb3 {(
06:16} Nxd4+ {(12:11} 44. Nxd4 {(01:28} exd4 {(00:05}
45. Bxd5+ {(00:06} Ke7 {(00:25} 46. Bc1 {(04:12} b6 {
(01:57} 47. b4 {(02:04} g5 {(03:00} 48. f4 {(03:
43} h6 {(00:02} 49. Kd3 {(04:56} Kd6 {(01:29} 50. Bc4
{(01:00} Nb8 {(04:56} 51. Ke4 {(01:19} Nc6 {(00:
27} 52. Bd2 {(00:25} Ne7 {(00:11} 53. f5 {(04:14} Kc6
{(01:28} 54. Be6 {(00:55} Kd6 {(01:00} 55. Be1 {
(01:16} Nc6 {(02:42} 56. Bg3+ {(03:28} Ke7 {(01:
56} 57. b5 {(00:11} Nb4 {(00:44} 58. Bc7 {(00:23} d3 {
(00:15} 59. Bxb6 {(00:39} d2 {(00:10} 60. Bc5+ {
(00:28} Kd8 {(00:17} 61. Bb3 {(00:04} Na2 {(00:
22} 62. Ke3 {(01:19} Nc3 {(00:26} 63. Bb6+ {(00:18}
Ke7 {(00:31} 64. Kxd2 {(00:12} Nxb5 {(00:03} 65. Bc5+ {
(00:19} Nd6 {(00:01} 66. Bd5 {(01:13} Be5 {(00:
11} 67. Kc2 {(00:33} Kd7 {(00:09} 68. Kb3 {(00:17} Ke7
{(00:12} 69. Kb4 {(00:30} Kd7 {(00:21} 70. Ka5 {
(00:24} Kc7 {(00:26} 71. Ka6 {(00:10} Bf6 {(00:
29} 72. Bb4 {(01:00} Bd4 {(00:56} 73. Bd2 {(00:12} Bg7
{(01:02} 74. Be3 {(00:54} Kd7 {(01:21} 75. Kb6 {
(00:34} Nc8+ {(00:16} 76. Kc5 {(00:33} Bf8+ {(
00:10} 77. Kc4 {(00:15} Nd6+ {(00:07} 78. Kd4 {(00:18}
Bg7+ {(00:13} 79. Kc5 {(00:12} Ke7 {(01:37} 80. Kc6 {
(00:31} Ne8 {(01:04} 81. Bc5+ {(00:10} Kd8 {(00:
26} 82. Bf7 {(00:15} Nf6 {(00:43} 83. Bd4 {(00:36} Ke7
{(00:11} 84. Bc4 {(00:54} Ne8 {(00:51} 85. Bc5+ {
(00:12} Kd8 {(00:12} 86. Be6 {(01:25} Nf6 {(01:
07} 87. Bd4 {(00:43} Ke7 {(00:52} 88. Bc4 {(00:32} Ne8
{(00:25} 89. Bc5+ {(00:30} Kd8 {(00:15} 90. Bb5 {
(00:27} Nf6 {(00:21} 91. Bd6 {(00:29} Ne8 {(00:
21} 92. Kd5 {(00:27} Nxd6 {(01:14} 93. Kxd6 {(00:02}
Bb2 {(00:29} 94. Ke6 {(00:07} Bc3 {(00:31} 95. Kf7 {
(01:02} Bd4 {(00:12} 96. Ba4 {(00:48} Bc3 {(00:
09} 97. Bc6 {(00:35} Bd4 {(00:06} 98. Kg6 {(00:34} Ke7
{(00:07} 99. Be4 {(00:26} Bc3 {(00:11} 100. Kxh6 {
(00:17} Kf6 {(00:17} 101. h4 {(00:38} gxh4 {(00:
13} 102. g5+ {(00:04} Ke5 {(00:55} 103. Bb7 {(01:03}
Kxf5 {(00:09} 104. g6 {(00:08} Kf4 {(00:08} 105. g7 {
(00:07} Bxg7+ {(00:04} 106. Kxg7 {(00:04} Ke5 1/2-1/2

[Event "42nd Olympiad Baku 2016 Open"]
[Site "Baku"]
[Date "2016.09.08"]
[Round "6.25"]
[White "Mohtaat, Homayoun"]
[Black "Klaas Tokelo"]
[Result "1/2-1/2"]
[ECO "D04"]
[WhiteElo "1655"]
[BlackElo "1663"]
[Annotator ""]
[PlyCount "117"]
[EventDate "2016.??.??"]
[EventCountry "AZE"]
[SourceTitle "playchess.com"]
[Source "ChessBase"]
[WhiteTeam "Afghanistan"]
[BlackTeam "Lesotho"]
[WhiteTeamCountry "AFG"]
[BlackTeamCountry "LES"]
[TimeControl "40/5400+30:1800+30"]

1. d4 {(00:00} Nf6 {(00:27} 2. Nf3 {(00:00} d5 {
(00:28} 3. e3 {(00:00} g6 {(01:07} 4. c4 {(00:
05} c6 {(00:20} 5. Nc3 {(00:17} Bg7 {(00:23} 6. b3 {
(00:22} O-O {(00:52} 7. Bd3 {(02:15} Nbd7 {(04:
20} 8. O-O {(00:00} Re8 {(00:00} 9. cxd5 {(02:22} cxd5
{(00:26} 10. Bb2 {(00:17} Nf8 {(02:23} 11. Ne5 {
(00:47} a6 {(03:28} 12. Rc1 {(00:20} Ne6 {(00:
22} 13. Na4 {(00:39} Bd7 {(01:17} 14. Nc3 {(00:47} Rc8
{(00:48} 15. Qe2 {(01:21} Bc6 {(00:49} 16. a4 {(
03:05} Qa5 {(01:48} 17. Ba3 {(01:24} Qd8 {(06:57} 18.
b4 {(00:20} Bd7 {(00:24} 19. b5 {(07:21} a5 {(
04:33} 20. Qf3 {(01:12} Ng5 {(00:55} 21. Qe2 {(04:59}
Be6 {(04:02} 22. f3 {(00:30} h5 {(01:47} 23. h4 {
(00:23} Ngh7 {(00:14} 24. Bb1 {(00:39} Nd7 {(00:
24} 25. Nxd7 {(07:59} Qxd7 {(01:24} 26. Bc5 {(00:59}
Qd8 {(04:55} 27. b6 {(00:19} Nf6 {(06:04} 28. Nb5 {
(00:50} Rf8 {(02:43} 29. Qd2 {(03:29} Bh6 {(02:
43} 30. Kf2 {(00:40} Qd7 {(07:16} 31. Qxa5 {(00:27}
Bf5 {(01:25} 32. Qb4 {(02:38} Bxb1 {(03:52} 33. Qxb1 {
(00:25} Qe6 {(02:09} 34. Qd3 {(04:12} Nd7 {(03:
44} 35. a5 {(04:16} Qf6 {(09:52} 36. g3 {(02:53} Nxc5
{(04:16} 37. dxc5 {(02:23} Qb2+ {(03:01} 38. Rc2 {
(00:24} Qb4 {(00:36} 39. Nc7 {(00:00} Qxa5 {(00:
00} 40. Qxd5 {(00:00} Rcd8 {(00:00} 41. Qa2 {(09:44}
Qxa2 {(13:09} 42. Rxa2 {(00:03} Rd3 {(00:05} 43. f4 {
(00:35} Rc3 {(00:50} 44. Ra5 {(00:42} Rd8 {(01:
22} 45. Re1 {(06:17} e6 {(01:46} 46. Ra7 {(01:56} Rb8
{(07:43} 47. Rea1 {(01:57} Bf8 {(06:37} 48. Ra8 {
(00:47} Rxa8 {(01:00} 49. Rxa8 {(00:01} Rxc5 {(
00:14} 50. Rb8 {(00:39} Rc2+ {(04:15} 51. Kf3 {(01:55}
Rb2 {(02:30} 52. Rxb7 {(01:21} Bc5 {(01:34} 53. Na8 {
(07:41} Rb3 {(00:47} 54. Rc7 {(13:26} Bxb6 {(03:
59} 55. Nxb6 {(00:23} Rxb6 {(00:07} 56. Ke4 {(01:18}
Rb5 {(00:26} 57. Kf3 {(00:18} Kg7 {(00:13} 58. e4 {
(00:17} Rb3+ {(00:24} 59. Kg2 {(00:04} 1/2-1/2

[Event "42nd Olympiad Baku 2016 Open"]
[Site "Baku"]
[Date "2016.09.08"]
[Round "6.28"]
[White "Joang Molapo"]
[Black "Moinzai, Khushal"]
[Result "0-1"]
[ECO "A50"]
[WhiteElo "1685"]
[BlackElo "1624"]
[Annotator ""]
[PlyCount "192"]
[EventDate "2016.??.??"]
[EventCountry "AZE"]
[SourceTitle "playchess.com"]
[Source "ChessBase"]
[WhiteTeam "Lesotho"]
[BlackTeam "Afghanistan"]
[WhiteTeamCountry "LES"]
[BlackTeamCountry "AFG"]
[TimeControl "40/5400+30:1800+30"]

1. d4 {(00:00} Nf6 {(00:23} 2. c4 {(00:00} b6 {(
03:15} 3. Nf3 {(00:59} Bb7 {(00:31} 4. Nc3 {(00:36} e6
{(01:02} 5. a3 {(00:23} h6 {(00:23} 6. e3 {(01:
28} d5 {(01:01} 7. cxd5 {(02:40} exd5 {(01:23} 8. Bd3
{(01:02} Bd6 {(00:28} 9. O-O {(00:36} Nbd7 {(00:
43} 10. Nb5 {(01:16} Be7 {(01:26} 11. b4 {(00:35} a5 {
(03:51} 12. bxa5 {(05:08} Rxa5 {(02:21} 13. Bd2 {
(01:09} Ra8 {(00:31} 14. Qb3 {(01:36} c6 {(04:
35} 15. Nc3 {(00:25} Bd6 {(01:08} 16. e4 {(01:45} dxe4
{(01:47} 17. Nxe4 {(00:50} Nxe4 {(00:26} 18. Bxe4 {
(00:23} O-O {(01:32} 19. Rfc1 {(01:45} Rc8 {(01:
55} 20. Bb4 {(02:21} Bxb4 {(03:38} 21. axb4 {(00:23}
Nf6 {(01:16} 22. Ra7 {(22:26} Nxe4 {(04:18} 23. Rxb7 {
(00:38} Nd6 {(00:31} 24. Ra7 {(04:27} Nb5 {(01:
04} 25. Ra6 {(01:15} Nxd4 {(08:36} 26. Nxd4 {(00:19}
Qxd4 {(01:02} 27. Rd1 {(00:17} Rfe8 {(05:37} 28. h3 {
(01:41} Qf6 {(07:27} 29. Rxb6 {(02:00} Re2 {(02:
58} 30. Qg3 {(01:59} Rce8 {(04:59} 31. b5 {(06:22}
R2e6 {(09:25} 32. bxc6 {(04:45} Rxc6 {(02:50} 33. Rd6 {
(04:56} Qa1+ {(05:18} 34. Kh2 {(01:57} Rc1 {(00:
59} 35. Qf4 {(04:12} Rh1+ {(01:36} 36. Kg3 {(01:12}
Qc3+ {(01:57} 37. Qf3 {(04:33} Qe5+ {(00:58} 38. Qf4 {
(00:41} Qe1 {(01:14} 39. Rb7 {(02:21} Rf8 {(03:
38} 40. Rdd7 {(00:00} Qc3+ {(00:00} 41. Kg4 {(14:32}
Qc6 {(09:20} 42. Kg3 {(04:22} Qg6+ {(03:43} 43. Qg4 {
(01:26} Qf6 {(00:41} 44. Qf4 {(03:00} Qa6 {(02:
21} 45. Qf5 {(03:07} g6 {(06:16} 46. Rxf7 {(04:04}
Qd6+ {(09:51} 47. Qf4 {(03:30} Qxf4+ {(01:42} 48. Rxf4
{(00:14} Rxf4 {(00:19} 49. Kxf4 {(00:11} Re1 {(
00:14} 50. f3 {(03:57} Re6 {(01:18} 51. h4 {(02:04}
Kh8 {(01:03} 52. g4 {(00:32} Kg8 {(00:56} 53. g5 {
(01:31} h5 {(00:29} 54. Ra7 {(01:41} Kf8 {(00:
30} 55. Ra5 {(01:12} Re1 {(00:46} 56. Re5 {(01:40} Rh1
{(00:41} 57. Kg3 {(00:13} Kf7 {(00:32} 58. Re4 {
(01:57} Ra1 {(00:36} 59. Rf4+ {(01:03} Kg7 {(00:
16} 60. Rf6 {(01:38} Ra4 {(00:42} 61. Re6 {(03:00} Ra1
{(00:34} 62. Re4 {(00:18} Kf7 {(00:30} 63. Kf4 {
(00:42} Ra3 {(00:40} 64. Rb4 {(00:22} Ra5 {(01:
38} 65. Rb7+ {(00:34} Kf8 {(01:17} 66. Rb6 {(00:27}
Kg7 {(00:30} 67. Re6 {(00:12} Ra4+ {(00:28} 68. Re4 {
(00:29} Ra5 {(00:14} 69. Rd4 {(00:13} Kf7 {(00:
47} 70. Ke4 {(00:13} Ra3 {(01:22} 71. Rd7+ {(01:06}
Ke6 {(01:57} 72. Rd4 {(01:42} Ra6 {(00:49} 73. f4 {
(00:54} Rb6 {(00:30} 74. Ra4 {(00:36} Rc6 {(00:
32} 75. Kd4 {(01:04} Kf5 {(00:34} 76. Kd5 {(00:50} Rb6
{(00:38} 77. Rc4 {(00:52} Ra6 {(00:29} 78. Rb4 {
(00:35} Ra5+ {(00:47} 79. Kd6 {(00:14} Ra7 {(01:
09} 80. Kd5 {(00:36} Rd7+ {(00:56} 81. Kc6 {(00:14}
Rd1 {(00:29} 82. Kc5 {(00:16} Rh1 {(00:45} 83. Rb6 {
(00:14} Kxf4 {(00:35} 84. Rxg6 {(00:13} Rxh4 {(
00:15} 85. Rg8 {(01:02} Kf5 {(00:29} 86. Kd5 {(00:41}
Rg4 {(00:15} 87. Rf8+ {(00:46} Kxg5 {(00:15} 88. Rg8+ {
(00:22} Kf4 {(00:14} 89. Rf8+ {(00:10} Kg3 {(00:
12} 90. Ke5 {(00:13} h4 {(00:26} 91. Rh8 {(00:14} h3 {
(00:25} 92. Kf5 {(00:37} Rh4 {(00:38} 93. Rg8+ {
(00:08} Kf2 {(00:23} 94. Ra8 {(01:16} h2 {(01:
01} 95. Ra2+ {(00:09} Ke3 {(00:20} 96. Ra3+ {(00:03}
Kd2 {(00:00} 0-1

[Event "42nd Olympiad Baku 2016 Open"]
[Site "Baku"]
[Date "2016.09.08"]
[Round "6.22"]
[White "Mollah Abdullah, Al Rakib"]
[Black "Omar, Noaman"]
[Result "0-1"]
[ECO "D20"]
[WhiteElo "2488"]
[BlackElo "2377"]
[Annotator ""]
[PlyCount "78"]
[EventDate "2016.??.??"]
[EventCountry "AZE"]
[SourceTitle "playchess.com"]
[Source "ChessBase"]
[WhiteTeam "Bangladesh"]
[BlackTeam "United Arab Emirates"]
[WhiteTeamCountry "BAN"]
[BlackTeamCountry "UAE"]
[TimeControl "40/5400+30:1800+30"]

1. d4 {(00:00} d5 {(00:00} 2. c4 {(00:00} dxc4 {
(00:02} 3. e4 {(00:25} b5 {(01:05} 4. a4 {(02:
51} c6 {(00:45} 5. Nf3 {(08:34} Nf6 {(51:48} 6. e5 {
(23:13} Nd5 {(00:09} 7. axb5 {(01:12} cxb5 {(00:
46} 8. b3 {(00:29} e6 {(00:59} 9. bxc4 {(00:26} bxc4 {
(00:06} 10. Bxc4 {(01:36} Be7 {(00:19} 11. Ba3 {
(06:21} Bb7 {(05:36} 12. O-O {(04:54} O-O {(00:
36} 13. Nbd2 {(02:28} Nc6 {(14:23} 14. Nb3 {(07:57}
Ncb4 {(08:37} 15. Qd2 {(00:39} a5 {(01:04} 16. Rfc1 {
(14:46} Qb6 {(05:12} 17. Ng5 {(02:27} Rfc8 {(04:
03} 18. Ne4 {(02:04} Bc6 {(01:37} 19. Rab1 {(00:59}
Rab8 {(00:25} 20. Nbc5 {(00:53} Qd8 {(00:34} 21. Rb3 {
(01:06} Nb6 {(00:24} 22. Bf1 {(12:37} Bxe4 {(00:
49} 23. Nxe4 {(00:01} Rxc1 {(00:23} 24. Qxc1 {(01:14}
Qd5 {(00:53} 25. Qb1 {(01:57} Qxd4 {(00:42} 26. Bb2 {
(02:07} Qd8 {(00:32} 27. Rg3 {(00:48} N6d5 {(00:
14} 28. Rh3 {(00:30} h6 {(00:55} 29. Bc1 {(00:39} Nc6
{(00:20} 30. Qa1 {(00:46} Rb4 {(00:07} 31. Nc3 {
(00:46} Nb6 {(00:45} 32. Nb5 {(00:28} Qd5 {(01:
08} 33. Rg3 {(00:22} Rxb5 {(00:30} 34. Bxb5 {(00:33}
Qxb5 {(00:15} 35. Bxh6 {(00:04} g6 {(00:13} 36. Qd1 {
(01:01} Nd5 {(00:21} 37. Rb3 {(00:34} Qc4 {(00:
28} 38. Rb7 {(00:24} Nd4 {(00:55} 39. h4 {(00:35} Ne2+
{(00:27} 0-1

[Event "42nd Olympiad Baku 2016 Open"]
[Site "Baku"]
[Date "2016.09.08"]
[Round "6.14"]
[White "Mongiello, Anthony"]
[Black "Iclicki, Willy"]
[Result "0-1"]
[ECO "D00"]
[WhiteElo "1576"]
[BlackElo "1963"]
[Annotator ""]
[PlyCount "96"]
[EventDate "2016.??.??"]
[EventCountry "AZE"]
[SourceTitle "playchess.com"]
[Source "ChessBase"]
[WhiteTeam "U.S. Virgin Islands"]
[BlackTeam "Liechtenstein"]
[WhiteTeamCountry "ISV"]
[BlackTeamCountry "LIE"]
[TimeControl "40/5400+30:1800+30"]

1. d4 {(00:00} d5 {(00:00} 2. e3 {(00:11} c6 {(
00:53} 3. f4 {(00:49} Nf6 {(00:37} 4. Nf3 {(00:09} Bg4
{(01:15} 5. Be2 {(00:12} e6 {(02:51} 6. O-O {(
00:25} Bd6 {(05:04} 7. Qe1 {(01:51} Bxf3 {(03:44} 8.
Rxf3 {(00:33} Nbd7 {(01:04} 9. Bd2 {(02:50} Ne4 {
(04:58} 10. Nc3 {(03:07} Ndf6 {(03:13} 11. Nxe4 {
(02:54} Nxe4 {(04:20} 12. Bb4 {(00:39} Bxb4 {(
11:23} 13. Qxb4 {(00:16} Qe7 {(00:46} 14. Qxe7+ {(00:
48} Kxe7 {(00:02} 15. Rd1 {(00:17} a5 {(07:01} 16. Bd3
{(06:25} Nd6 {(05:24} 17. f5 {(01:10} exf5 {(05:
33} 18. Bxf5 {(01:19} f6 {(05:38} 19. Bd3 {(01:09} Kf7
{(01:14} 20. Rdf1 {(01:54} Rae8 {(01:32} 21. b3 {
(02:32} Ne4 {(01:45} 22. Bxe4 {(01:03} Rxe4 {(
00:13} 23. Kf2 {(05:20} Rhe8 {(00:53} 24. Re1 {(03:02}
b6 {(06:23} 25. c3 {(01:54} c5 {(07:38} 26. dxc5 {
(03:25} bxc5 {(00:04} 27. Rf4 {(01:40} Rb8 {(14:
53} 28. Rxe4 {(04:40} dxe4 {(00:03} 29. c4 {(01:03}
Rd8 {(00:59} 30. Ke2 {(00:10} Ke6 {(01:49} 31. Rd1 {
(01:25} Rxd1 {(00:21} 32. Kxd1 {(00:04} Ke5 {(
00:26} 33. Kd2 {(01:13} f5 {(00:23} 34. g3 {(01:04} g5
{(00:22} 35. h3 {(05:24} f4 {(01:06} 36. Ke2 {(
08:07} fxg3 {(01:04} 37. Kf1 {(00:18} h5 {(00:11} 38.
a4 {(02:36} h4 {(01:16} 39. Kg1 {(04:32} Ke6 {(
00:09} 40. Kf1 {(00:00} Ke5 {(00:00} 41. Kg1 {(04:53}
Kf5 {(03:21} 42. Kf1 {(02:58} g4 {(04:59} 43. Kg2 {
(00:44} gxh3+ {(01:04} 44. Kxh3 {(00:33} Kg5 {(
00:53} 45. Kg2 {(00:52} Kg4 {(00:24} 46. Kf1 {(02:11}
Kf3 {(00:58} 47. Kg1 {(00:17} h3 {(00:18} 48. Kh1 {
(00:23} h2 {(00:30} 0-1